 Dungeon Crawl Stone Soup version 0.26.1-2-gb8aa6d0cf2 (webtiles) character file.

Game seed: 9410792385686697949

4956 funkygono the Basher (level 10, 0/86 HPs)
             Began as a Minotaur Monk on Feb 15, 2021.
             Was a Priest of Makhleb.
             Slain by 1994's ghost (6 damage)
             ... on level 8 of the Dungeon on Feb 16, 2021.
             The game lasted 00:20:47 (10479 turns).

funkygono the Basher (Minotaur Monk)               Turns: 10479, Time: 00:20:48

Health: 0/86       AC: 16    Str: 18    XL:     10   Next: 28%
Magic:  14/14      EV:  8    Int:  7    God:    Makhleb [***...]
Gold:   212        SH:  5    Dex: 14    Spells: 9/9 levels left

rFire    . . .     SeeInvis .   m - +4 whip
rCold    . . .     Faith    .   (no shield)
rNeg     . . .     Spirit   .   j - +1 plate armour
rPois    +         Reflect  +   (helmet restricted)
rElec    .         Harm     .   g - scarf {repulsion}
rCorr    .         Rampage  .   (no gloves)
Will     +....                  c - +0 pair of boots
Stlth    ..........             l - amulet of reflection
HPRegen  0.24/turn              v - ring of willpower
MPRegen  0.14/turn              b - ring of poison resistance

@: mighty, repel missiles
A: retaliatory headbutt, horns 2
a: Renounce Religion, Minor Destruction, Lesser Servant of Makhleb


You were on level 8 of the Dungeon.
You worshipped Makhleb.
Makhleb was most pleased with you.
You visited 2 branches of the dungeon, and saw 9 of its levels.

You collected 437 gold pieces.
You spent 225 gold pieces at shops.

Inventory:

Hand Weapons
 m - a +4 whip (weapon)
Missiles
 e - 152 stones (quivered)
Armour
 c - a +0 pair of boots (worn)
 g - a scarf of repulsion (worn)
 j - a +1 plate armour (worn)
Jewellery
 b - a ring of poison resistance (right hand)
 l - an amulet of reflection (around neck)
 v - a ring of willpower (left hand)
 w - a +6 ring of intelligence
 A - an uncursed ring of protection from cold
 B - an uncursed amulet of regeneration
 G - the ring "Imatu" {Fire Str+3}
   (You found it on level 7 of the Dungeon)

   [ring of fire]

   It enhances your fire magic.
   It affects your strength (+3).
   It protects you from fire.
   It makes you vulnerable to cold.
 H - an uncursed ring of resist corrosion
Wands
 f - a wand of iceblast (4)
 n - a wand of enslavement (5)
 u - a wand of polymorph (7)
Scrolls
 k - 2 scrolls of fear
 p - a scroll of remove curse
 x - a scroll of fog
 y - a scroll of teleportation
 E - a scroll of blinking
Potions
 d - 3 potions of haste
 h - 2 potions of berserk rage
 i - 2 potions of curing
 o - a potion of invisibility
 q - 2 potions of might
 r - 3 potions of attraction
 s - a potion of lignification
 t - a potion of ambrosia {unknown}
 z - a potion of mutation {unknown}
 C - 2 potions of flight
 F - a potion of brilliance {unknown}
 I - 4 potions of heal wounds


   Skills:
 + Level 7.6 Fighting
 + Level 10.4 Maces & Flails
 + Level 0.2 Throwing
 + Level 9.0 Armour
 + Level 4.3 Dodging
 + Level 2.5 Stealth
 + Level 4.4 Shields
 + Level 6.8 Invocations


You had 9 spell levels left.
You didn't know any spells.
Your spell library was empty.

Dungeon Overview and Level Annotations

Branches:
Dungeon (8/15)             Temple (1/1) D:5            Lair (0/6) D:8

Altars:
Ashenzari
Cheibriados
Dithmenos
Elyvilon
Fedhas
Gozag
Hepliaklqana
Kikubaaqudgha
Makhleb
Nemelex Xobeh
Okawaru
Qazlal
Ru
Sif Muna
Trog
Uskayaw
Vehumet
Wu Jian
Xom
Yredelemnul
Zin
The Shining One

Shops:
D:7 =   D:8 !

Annotations:
D:8 1994's ghost, novice DsGl


Innate Abilities, Weirdness & Mutations

You reflexively headbutt those who attack you in melee.
You have a pair of horns on your head.


Message History

1994's ghost hits you but does no damage.
You barely miss 1994's ghost. 1994's ghost is severely damaged.
You hit 1994's ghost but do no damage. 1994's ghost is severely damaged. 1994's ghost hits you!
* * * LOW HITPOINT WARNING * * *
You closely miss 1994's ghost.
Your headbutt misses 1994's ghost. 1994's ghost is severely damaged.
You feel better. 1994's ghost hits you.
* * * LOW HITPOINT WARNING * * *
You feel better. 1994's ghost hits you!
* * * LOW HITPOINT WARNING * * *
You feel very mighty all of a sudden. 1994's ghost hits you!
* * * LOW HITPOINT WARNING * * *
You whack 1994's ghost!
You headbutt 1994's ghost! 1994's ghost is almost destroyed. 1994's ghost hits you.
You die...

###..####.....##.#..P..####......
.....####........#...P.P...P.....
###....##.....#####P..P...P.P....
##.#.##.....#####....P.........
#.#.##.###.........P..........
#......# #########............
###.######### #.#.#.###....
#.##...>..######[#.#........
#.##.###...@W).#.#.##.##>#..
#.##.###.#####........##.##.
#.....<#.# #.#.#.......##.
####.#.#.# #.i......[.....
#.....# #.##)##..#.....
#####.#####....)...#.###.
#....).......#.......
########.....###.##.. #.....#
#.....


You could see 1994's ghost.

Vanquished Creatures
  The ghost of bl3nd3r the Cleaver, a novice MiBe of Trog (D:7)
  A komodo dragon (D:8)
  A polar bear (D:8)
  Sigmund (D:2)
  The ghost of bohran the Magician, an amateur DEEE (D:4)
  2 spriggans (D:8)
  2 orc warriors
  A black bear (D:8)
  4 ice beasts
  6 ogres
  A centaur (D:7)
  4 bullfrogs
  A gnoll sergeant (D:7)
  A wyvern zombie (D:8)
  3 scorpions
  12 killer bees
  4 electric eels (D:8)
  2 howler monkeys
  3 jellies
  2 bullfrog skeletons
  4 hounds
  2 orc wizards
  A gnoll shaman (D:4)
  A water moccasin simulacrum (D:7)
  Terence (D:3)
  3 iguanas
  5 worker ants
  A hound skeleton (D:4)
  A killer bee simulacrum (D:7)
  7 gnolls
  6 adders
  A shadow imp (D:5)
  5 white imps
  An ooze (D:5)
  2 adder zombies (D:5)
  2 worms
  2 dart slugs (D:1)
  4 leopard geckos
  17 orcs
  4 giant cockroaches
  9 goblins
  6 hobgoblins
  3 jackals (D:3)
  2 quokkas (D:4)
  2 ball pythons
  A ball python skeleton (D:4)
  8 bats
  3 frilled lizards
  2 giant cockroach zombies (D:4)
  9 kobolds
  2 leopard gecko skeletons
  A leopard gecko zombie (D:4)
  8 rats
179 creatures vanquished.

Vanquished Creatures (others)
  6 fungi (D:8)
  14 plants (D:8)
20 creatures vanquished.

Grand Total: 199 creatures vanquished

Notes
Turn   | Place    | Note
-------+----------+-------------------------------------------
     0 | D:1      | funkygono the Minotaur Monk began the quest for the Orb.
     0 | D:1      | Reached XP level 1. HP: 19/19 MP: 0/0
   180 | D:1      | Reached XP level 2. HP: 25/27 MP: 1/1
   228 | D:1      | Reached skill level 4 in Maces & Flails
   677 | D:1      | Reached XP level 3. HP: 31/33 MP: 2/2
  1024 | D:2      | Noticed Sigmund
  1042 | D:2      | Killed Sigmund
  1043 | D:2      | Reached skill level 5 in Maces & Flails
  1043 | D:2      | Reached skill level 1 in Armour
  1043 | D:2      | Reached XP level 4. HP: 20/41 MP: 3/3
  1043 | D:2      | Reached XP level 5. HP: 23/47 MP: 4/4
  1453 | D:2      | Found a hazy altar of Hepliaklqana.
  1925 | D:3      | Noticed an ogre
  1932 | D:3      | Killed an ogre
  1933 | D:3      | Reached skill level 6 in Maces & Flails
  1933 | D:3      | Reached XP level 6. HP: 5/55 MP: 5/5
  2426 | D:3      | Found a stormy altar of Qazlal.
  2717 | D:3      | Reached skill level 7 in Maces & Flails
  2730 | D:3      | Reached XP level 7. HP: 20/60 MP: 6/6
  3015 | D:3      | Noticed Terence
  3041 | D:3      | Killed Terence
  3172 | D:3      | Reached skill level 5 in Fighting
  3551 | D:4      | You fall into a shaft and drop 3 floors!
  4039 | D:5      | Entered Level 5 of the Dungeon
  4364 | D:4      | Reached skill level 8 in Maces & Flails
  4364 | D:4      | Reached skill level 5 in Armour
  4364 | D:4      | Reached skill level 1 in Shields
  4640 | D:4      | Reached XP level 8. HP: 69/69 MP: 7/7
  4726 | D:4      | Found a runed translucent gate.
  4726 | D:4      | Found a runed translucent gate.
  4726 | D:4      | Found a runed translucent gate.
  4726 | D:4      | Noticed bohran's ghost (amateur DEEE)
  5646 | D:4      | Killed bohran's ghost
  5705 | D:5      | Found a staircase to the Ecumenical Temple.
  5715 | Temple   | Entered the Ecumenical Temple
  6088 | D:5      | Found a shadowy altar of Dithmenos.
  6100 | D:5      | Found a shimmering blue altar of Sif Muna.
  6103 | D:5      | Found a blossoming altar of Fedhas.
  6122 | D:5      | Found a burning altar of Makhleb.
  6132 | D:5      | Reached skill level 9 in Maces & Flails
  6136 | D:5      | Became a worshipper of Makhleb the Destroyer
  6136 | D:5      | Reached * piety under Makhleb
  6136 | D:5      | Reached ** piety under Makhleb
  6648 | D:5      | Reached skill level 1 in Invocations
  7466 | D:7      | Reached XP level 9. HP: 73/75 MP: 10/10
  7706 | D:7      | Found Vaxt's Jewellery Shop.
  7763 | D:7      | Found a runed translucent gate.
  7763 | D:7      | Found a runed translucent gate.
  7763 | D:7      | Found a runed translucent gate.
  8268 | D:7      | Noticed bl3nd3r's ghost (novice MiBe)
  8299 | D:7      | Reached skill level 5 in Invocations
  8337 | D:7      | Killed bl3nd3r's ghost
  8526 | D:7      | Got the ring "Imatu" {Fire}
  8531 | D:7      | Identified the ring "Imatu" {Fire Str+3} (You found it on
                  | level 7 of the Dungeon)
  8606 | D:8      | Noticed a komodo dragon
  8632 | D:8      | Killed a komodo dragon
  8633 | D:8      | Reached skill level 10 in Maces & Flails
  8789 | D:8      | Noticed a polar bear
  8791 | D:8      | Found a runed translucent door.
  8791 | D:8      | Identified the +2 trident "Fauddil" {speed, rF+ Dex+3
                  | Stlth+}
  8820 | D:8      | Reached *** piety under Makhleb
  8850 | D:8      | Reached XP level 10. HP: 86/86 MP: 13/13
  8971 | D:8      | Found Fusintia's Distillery.
  8980 | D:8      | Bought 2 potions of heal wounds for 150 gold pieces
  8980 | D:8      | Bought a potion of heal wounds for 75 gold pieces
  9048 | D:8      | Noticed 1994's ghost (novice DsGl)
  9512 | D:8      | Found a staircase to the Lair.
  9799 | D:8      | Found a hide-covered altar of Uskayaw.
 10479 | D:8      | Slain by 1994's ghost

Illustrated notes

Levels and vault maps discovered:
D:1:      dpeg_arrival_erosion, layout_loops_ring, corexii_leaking_fountain
D:2:      layout_basic, nzn_hepliaklqana_mist_gate, uniq_sigmund
D:3:      layout_basic, lemuel_coloured_pillars_altar, uniq_terence
D:4:      layout_layer_cave, gammafunk_ghost_necromancy, chequers_garden,
          grunt_ministairs_7, minmay_distorted
D:5:      minmay_opposing_rooms, layout_cave_pods,
          grunt_temple_overflow_cloverleaf, minmay_temple_entry_large_hall,
          enter_ossuary_5, serial_column_ruins, column_ruins_hut,
          column_ruins_hut_pillars, column_ruins_grid_3, column_ruins_open_tiny,
          column_ruins_columns_straight, column_ruins_grid_3,
          minmay_misc_feat_alley
D:6:      layout_cave_pools, grunt_ministairs_14
D:7:      layout_loops_ring, serial_shops, shop_statue, gammafunk_ghost_icy,
          chequers_serial_rivers_large_b
D:8:      layout_loops_cross, eat_drink_and_be_merry_uskayaw,
          grunt_lair_entry_orc_guard_hut, ebering_ghost_funeral_grove,
          serial_shops, nicolae_shop_trees, serial_bayou_lagoon_b
Temple:   regret_index_temple_generic_petals

Skill      XL: |  1  2  3  4  5  6  7  8  9 10 |
---------------+-------------------------------+-----
Maces & Flails | 4 5 6 7 8 9 10 | 10.4
Fighting       | 4 5 6 7 |  7.6
Armour         | 1 2 3 5 7 8 9 |  9.0
Dodging        | 4 |  4.3
Stealth        | 2 |  2.5
Shields        | 1 3 4 |  4.4
Invocations    | 3 6 |  6.8
Throwing       | |  0.2

Action                   |  1- 3 |  4- 6 |  7- 9 | 10-12 || total
-------------------------+-------+-------+-------+-------++-------
Melee: Mace              |    76 |    55 |       |       ||   131
       Headbutt          |    11 |    21 |   100 |    26 ||   158
       Whip              |       |    73 |   459 |   138 ||   670
Throw: Stone             |       |     1 |       |       ||     1
Invok: Minor Destruction |       |       |    63 |    20 ||    83
  Use: Scroll            |     5 |     2 |    17 |     3 ||    27
       Potion            |       |       |     3 |     3 ||     6
 Stab: Sleeping          |     3 |       |       |       ||     3
Armor: Robe              |    13 |       |       |       ||    13
       Plate armour      |    15 |    73 |   165 |    43 ||   296
       Skin              |       |       |     9 |       ||     9
Dodge: Dodged            |    46 |    29 |    91 |    22 ||   188
       Repelled          |       |       |     1 |       ||     1
Block: Other             |       |    21 |    78 |    21 ||   120
       Reflection        |       |       |     1 |       ||     1
